 Dungeon Crawl Stone Soup version 0.18-a0-1507-g69458e0 (webtiles) character file.

66 GrosslyIncandescent the Insei (level 3, -8/29 HPs)
             Began as a Mummy Monk on Mar 5, 2016.
             Mangled by a flayed ghost (24 damage)
             ... on level 1 of the Dungeon.
             The game lasted 00:03:04 (7737 turns).

GrosslyIncandescent the Insei (Mummy Monk)          Turns: 7737, Time: 00:03:04

Health: -8/29      AC:  0    Str: 14    XL:     3   Next: 96%
Magic:  3/3        EV: 13    Int:  9    God:
Gold:   68         SH:  0    Dex: 15    Spells: 0 memorised, 2 levels left

rFire  x . .     SeeInvis .       - Unarmed
rCold  + . .     Gourm    .     (no armour)
rNeg   + + +     Faith    .     (no shield)
rPois  ∞         Spirit   .     (no helmet)
rElec  .         Dismiss  .     (no cloak)
rCorr  +         Reflect  .     (no gloves)
SustAt .         Harm     .     (no boots)
MR     .....                    (no amulet)
Stlth  ++........               (no ring)
                                c - ring of resist corrosion

@: not resistant to hostile enchantments, unstealthy
A: no food or potions, fire vulnerability, cold resistance 1, negative energy
resistance 3, torment resistance, unbreathing
a: no special abilities


You were on level 1 of the Dungeon.
You were not hungry.

You visited 1 branch of the dungeon, and saw 2 of its levels.

You collected 68 gold pieces.


Innate Abilities, Weirdness & Mutations

You do not eat or drink.
Your flesh is vulnerable to fire.
You are immune to poison.
Your flesh is cold resistant.
You are immune to negative energy.
You are immune to unholy pain and torment.
You can survive without breathing.


   Skills:
 - Level 3.0 Fighting
 - Level 2.4 Dodging
 - Level 1.5 Stealth
 + Level 4.6 Unarmed Combat


You had 2 spell levels left.
You didn't know any spells.

Inventory:

Jewellery
 c - a ring of resist corrosion (left hand)
Scrolls
 a - a scroll of identify {unknown}
 b - a scroll of teleportation {unknown}
 d - a scroll of recharging {unknown}
 e - 2 scrolls of random uselessness {unknown}
 f - a scroll of noise {unknown}
 g - a scroll of fear {unknown}
 h - a scroll of fog {unknown}

Dungeon Overview and Level Annotations

Branches:
Dungeon (2/15)

Altars:

▒▒▒▒▒.▒ ▒▒▒.....
▒.....▒ ▒▒▒▒▒▒▒
▒.▒▒▒▒▒ ▒.▒ ▒. ▒>▒
▒.▒ ▒. ▒.▒ ▒▒▒▒▒.▒
▒. ▒▒.▒▒ ▒.....▒
▒. ▒▒...▒▒ ▒.▒▒▒.▒
▒. ▒.▒.▒.▒ ▒▒.▒
▒.▒ ▒. ▒.▒M▒.▒
▒..▒ ▒.▒ ▒▒.
▒.▒W▒.▒ ▒.▒▒
▒.▒▒▒.. ▒▒...▒▒
▒.▒ ▒.....▒ ▒▒.▒▒
▒.▒ ▒▒▒▒▒.. ▒.▒
▒.▒ ▒.).. ▒.▒ ▒.▒
▒.▒▒▒ ▒.▒ ▒.▒
▒▒▒▒.▒▒▒ ▒.▒ ▒.▒
▒.......
▒.▒▒▒▒▒.▒▒▒.▒.).▒▒


You could see a flayed ghost.


Message History

A flayed ghost is nearby!!!
A flayed ghost is nearby!!!
A flayed ghost is nearby!!!
A flayed ghost is nearby!!!
A flayed ghost is nearby!!!
A flayed ghost is nearby!!!
A flayed ghost is nearby!!!
A flayed ghost is nearby!!!
There is a stone staircase leading down here!
The flayed ghost barely misses you!
You pulverise the flayed ghost!!!
The flayed ghost is lightly damaged!
The flayed ghost misses you!
There is a stone staircase leading down here!
You barely miss the flayed ghost! The flayed ghost hits you!
You pulverise the flayed ghost!
The flayed ghost is lightly damaged!
The flayed ghost barely misses you!
You pound the flayed ghost into fine dust!
The flayed ghost is lightly damaged!
The flayed ghost hits you!!! * * * don't die
* * *
Things that are here:
31 stones; an emerald potion
There is a stone staircase leading down here!
You pound the flayed ghost into fine dust!
The flayed ghost is lightly damaged!
The flayed ghost hits you!!!!!!
DANG rip

Action                   || total
-------------------------++-------
Melee: Unarmed           ||   158
 Stab: Sleeping          ||     5
       Distracted        ||     2

Vault maps used:
D:1:      erik_arrival_cave_to_civilisation
D:2:      minmay_overflow_temple_star_quad

Notes
Turn   | Place    | Note
--------------------------------------------------------------
     0 | D:1      | GrosslyIncandescent the Mummy Monk began the quest for the Orb.
     0 | D:1      | Reached XP level 1. HP: 18/18 MP: 1/1
   316 | D:1      | Reached XP level 2. HP: 16/24 MP: 2/2
   841 | D:1      | Reached skill level 4 in Unarmed Combat
  1239 | D:2      | HP: 2/24 [adder (1)]
  1240 | D:2      | Reached XP level 3. HP: 2/29 MP: 3/3
  7660 | D:1      | Noticed a flayed ghost
  7737 | D:1      | Mangled by a flayed ghost

Vanquished Creatures
  An adder (D:2)
  3 dart slugs
  A worm (D:1)
  A giant gecko (D:1)
  8 bats (D:1)
  A giant cockroach (D:1)
  5 goblins (D:1)
  6 hobgoblins (D:1)
  4 jackals (D:1)
  A quokka (D:2)
  3 giant newts
  4 kobolds
  7 rats
45 creatures vanquished.
